[ AOE2 MATCH · #485834124 ]
UnrankedAztecs vs Italians
[ REPLAY ANALYSIS · EXTRACTED FROM THE RECORDED GAME ]
Feudal
13:46
Castle
17:17
Imperial
—
| APM avg | 53.8 |
| APM peak | 120 |
| eAPM avg | 31.3 |
| Villagers / military | 54 / 78 |
Focus
⚔️ 46.2% · 🌾 53.8%
Jaguar Warrior ×76 · Fishing Ship ×31 · Monk ×2
Feudal
13:22
Castle
18:09
Imperial
—
| APM avg | 29.6 |
| APM peak | 70 |
| eAPM avg | 12.2 |
| Villagers / military | 66 / 26 |
Focus
⚔️ 25.2% · 🌾 74.8%
Knight ×26
Feudal
12:13
Castle
16:05
Imperial
—
| APM avg | 56.2 |
| APM peak | 114 |
| eAPM avg | 27.1 |
| Villagers / military | 90 / 51 |
Focus
⚔️ 53.6% · 🌾 46.4%
Longbowman ×51
Feudal
11:28
Castle
23:49
Imperial
—
| APM avg | 40.6 |
| APM peak | 96 |
| eAPM avg | 13.7 |
| Villagers / military | 66 / 34 |
Focus
⚔️ 30.2% · 🌾 69.8%
Archer ×19 · Knight ×8 · Mangonel ×4 · Spearman ×3
Feudal
14:01
Castle
18:12
Imperial
—
| APM avg | 56.9 |
| APM peak | 109 |
| eAPM avg | 24.2 |
| Villagers / military | 67 / 28 |
Focus
⚔️ 41.2% · 🌾 58.8%
Conquistador ×28
Feudal
12:45
Castle
16:38
Imperial
—
| APM avg | 33.2 |
| APM peak | 68 |
| eAPM avg | 17.8 |
| Villagers / military | 56 / 48 |
Focus
⚔️ 36.6% · 🌾 63.4%
Tarkan ×41 · Fishing Ship ×20 · Monk ×7
Match map
Initial resources + every placement click. Lines = walls · curves = elevation contours. ◆ gold · ⬟ stone · ● berries · ✦ relic · ◌ wall gap
Your base· Open — 6t gap
friendly Alpaca's base· Open — unwalled flank
Oni.JorDan_AoE's base· Open — unwalled flank
the_belgian's base· Open — 7t gap
StKunduz's base· Open — 11t gap
Oni.DauT's base· Open — 7t gap
Smoothed initial terrain · ◌ = detected wall gap · hover for details
Inputs per minute
— Oni.TheViper - - friendly Alpaca
Build order — Oni.TheViper
First 150 of 252 actions detected
| 0:27 | Build | Mill |
| 0:33 | Build | Town Center |
| 1:00 | Build | Palisade Wall |
| 2:13 | Build | Mill |
| 2:42 | Create | Villager (Male) |
| 2:42 | Create | Villager (Male) |
| 2:43 | Create | Villager (Male) |
| 2:49 | Build | House |
| 2:50 | Create | Villager (Male) |
| 3:46 | Create | Villager (Male) |
| 4:31 | Create | Villager (Male) |
| 4:57 | Create | Villager (Male) |
| 5:01 | Build | House |
| 5:03 | Build | Lumber Camp |
| 5:16 | Create | Villager (Male) |
| 5:47 | Create | Villager (Male) |
| 6:14 | Create | Villager (Male) |
| 6:29 | Build | Mill |
| 6:33 | Create | Villager (Male) |
| 7:01 | Create | Villager (Male) |
| 7:06 | Build | House |
| 7:15 | Create | Villager (Male) |
| 7:31 | Create | Villager (Male) |
| 7:50 | Create | Villager (Male) |
| 7:54 | Create | Villager (Male) |
| 8:13 | Create | Villager (Male) |
| 8:24 | Build | Dock |
| 8:25 | Create | Villager (Male) |
| 9:03 | Build | House |
| 9:04 | Create | Villager (Male) |
| 9:22 | Build | House |
| 9:27 | Create | Fishing Ship |
| 9:31 | Create | Villager (Male) |
| 9:40 | Build | House |
| 9:48 | Create | Villager (Male) |
| 9:57 | Build | House |
| 10:00 | Create | Villager (Male) |
| 10:18 | Build | Mill |
| 10:29 | Create | Fishing Ship |
| 10:41 | Build | House |
| 10:45 | Create | Villager (Male) |
| 10:53 | Build | Mill |
| 10:59 | Create | Villager (Male) |
| 11:06 | Build | Mining Camp |
| 11:36 | Research | Feudal Age |
| 11:38 | Build | Mining Camp |
| 12:15 | Create | Fishing Ship |
| 12:19 | Create | Villager (Male) |
| 12:19 | Create | Villager (Male) |
| 13:13 | Create | Villager (Male) |
| 13:46 | Age | Feudal Age |
| 13:47 | Build | Blacksmith |
| 13:48 | Build | Market |
| 14:36 | Research | Double-Bit Axe |
| 14:37 | Research | Castle Age |
| 15:08 | Research | Tech 906 |
| 15:34 | Build | Dock |
| 15:51 | Create | Fishing Ship |
| 15:59 | Build | House |
| 16:01 | Build | House |
| 16:04 | Create | Fishing Ship |
| 16:37 | Create | Fishing Ship |
| 16:38 | Create | Fishing Ship |
| 16:46 | Build | Mill |
| 17:02 | Create | Fishing Ship |
| 17:17 | Age | Castle Age |
| 17:19 | Build | Castle |
| 17:22 | Build | Fish Trap |
| 17:23 | Create | Villager (Male) |
| 17:32 | Create | Villager (Male) |
| 17:35 | Research | Bow Saw |
| 17:48 | Create | Villager (Male) |
| 18:02 | Build | Fish Trap |
| 18:05 | Create | Fishing Ship |
| 18:06 | Create | Villager (Male) |
| 18:20 | Research | Loom |
| 18:45 | Build | Monastery |
| 18:48 | Create | Jaguar Warrior |
| 18:50 | Create | Villager (Male) |
| 18:51 | Create | Jaguar Warrior |
| 18:53 | Create | Fishing Ship |
| 19:02 | Create | Jaguar Warrior |
| 19:10 | Build | House |
| 19:11 | Create | Villager (Male) |
| 19:28 | Create | Jaguar Warrior |
| 19:30 | Build | Barracks |
| 19:36 | Create | Monk |
| 19:49 | Create | Jaguar Warrior |
| 19:53 | Create | Villager (Male) |
| 20:01 | Build | Fish Trap |
| 20:11 | Build | Fish Trap |
| 20:15 | Create | Villager (Male) |
| 20:18 | Build | Fish Trap |
| 20:30 | Research | Squires |
| 20:31 | Create | Villager (Male) |
| 20:33 | Create | Monk |
| 20:35 | Build | House |
| 20:48 | Build | House |
| 20:49 | Create | Jaguar Warrior |
| 20:52 | Create | Villager (Male) |
| 20:56 | Research | Arson |
| 20:57 | Create | Villager (Male) |
| 21:00 | Build | Mining Camp |
| 21:06 | Create | Jaguar Warrior |
| 21:26 | Create | Fishing Ship |
| 21:27 | Create | Fishing Ship |
| 21:34 | Build | Dock |
| 21:36 | Create | Villager (Male) |
| 21:41 | Create | Jaguar Warrior |
| 21:54 | Research | Scale Mail Armor |
| 22:23 | Create | Jaguar Warrior |
| 22:24 | Create | Jaguar Warrior |
| 22:30 | Build | Fish Trap |
| 22:31 | Create | Fishing Ship |
| 22:33 | Create | Fishing Ship |
| 22:35 | Create | Fishing Ship |
| 22:45 | Create | Villager (Male) |
| 22:47 | Create | Jaguar Warrior |
| 22:57 | Create | Jaguar Warrior |
| 22:57 | Create | Jaguar Warrior |
| 23:22 | Create | Jaguar Warrior |
| 23:24 | Create | Fishing Ship |
| 23:25 | Create | Fishing Ship |
| 23:26 | Create | Villager (Male) |
| 23:29 | Build | Fish Trap |
| 23:35 | Build | Lumber Camp |
| 23:36 | Create | Jaguar Warrior |
| 23:55 | Research | Chain Mail Armor |
| 23:58 | Create | Jaguar Warrior |
| 23:59 | Create | Villager (Male) |
| 24:04 | Create | Jaguar Warrior |
| 24:17 | Create | Jaguar Warrior |
| 24:19 | Create | Villager (Male) |
| 24:20 | Create | Fishing Ship |
| 24:20 | Create | Fishing Ship |
| 24:24 | Build | Fish Trap |
| 24:29 | Create | Jaguar Warrior |
| 24:44 | Create | Jaguar Warrior |
| 24:51 | Create | Jaguar Warrior |
| 24:54 | Build | Fish Trap |
| 24:59 | Create | Fishing Ship |
| 25:07 | Create | Villager (Male) |
| 25:08 | Build | Fish Trap |
| 25:10 | Create | Jaguar Warrior |
| 25:22 | Build | Fish Trap |
| 25:25 | Create | Jaguar Warrior |
| 25:44 | Create | Jaguar Warrior |
| 25:47 | Build | Fish Trap |
| 25:49 | Build | Fish Trap |
| 25:50 | Build | House |
Build order — friendly Alpaca
131 actions detected in the replay
| 0:19 | Build | Town Center |
| 2:34 | Build | House |
| 2:44 | Create | Villager (Male) |
| 2:45 | Create | Villager (Male) |
| 2:45 | Create | Villager (Male) |
| 2:45 | Create | Villager (Male) |
| 3:40 | Create | Villager (Male) |
| 4:28 | Create | Villager (Male) |
| 4:41 | Build | House |
| 4:49 | Create | Villager (Male) |
| 5:26 | Create | Villager (Male) |
| 5:29 | Build | Lumber Camp |
| 5:45 | Create | Villager (Male) |
| 6:23 | Create | Villager (Male) |
| 6:36 | Create | Villager (Male) |
| 7:03 | Build | House |
| 7:15 | Create | Villager (Male) |
| 7:16 | Create | Villager (Male) |
| 8:04 | Create | Villager (Male) |
| 8:39 | Create | Villager (Male) |
| 8:49 | Build | Mill |
| 8:57 | Create | Villager (Male) |
| 8:57 | Create | Villager (Male) |
| 8:57 | Create | Villager (Male) |
| 9:11 | Build | House |
| 9:41 | Create | Villager (Male) |
| 10:25 | Build | Mining Camp |
| 10:47 | Create | Villager (Male) |
| 10:48 | Research | Feudal Age |
| 12:06 | Build | Barracks |
| 12:44 | Create | Villager (Male) |
| 12:45 | Create | Villager (Male) |
| 12:58 | Build | House |
| 13:22 | Age | Feudal Age |
| 13:27 | Build | Blacksmith |
| 14:14 | Create | Villager (Male) |
| 14:28 | Create | Villager (Male) |
| 14:51 | Build | Stable |
| 14:54 | Create | Villager (Male) |
| 15:26 | Research | Castle Age |
| 15:35 | Build | Mill |
| 15:46 | Research | Forging |
| 15:47 | Research | Scale Barding Armor |
| 16:53 | Build | Stable |
| 16:59 | Research | Bloodlines |
| 17:15 | Create | Villager (Male) |
| 17:18 | Build | House |
| 17:20 | Build | House |
| 17:46 | Build | Mill |
| 18:00 | Create | Villager (Male) |
| 18:09 | Age | Castle Age |
| 18:12 | Create | Knight ×5 |
| 18:35 | Research | Chain Barding Armor |
| 18:47 | Create | Villager (Male) |
| 19:00 | Create | Knight |
| 19:21 | Create | Villager (Male) |
| 19:23 | Create | Knight |
| 19:24 | Create | Knight |
| 19:53 | Create | Villager (Male) |
| 19:54 | Create | Villager (Male) |
| 20:13 | Create | Knight |
| 20:16 | Build | House |
| 20:28 | Build | House |
| 20:41 | Create | Knight |
| 20:44 | Create | Villager (Male) |
| 21:01 | Research | Husbandry |
| 21:10 | Create | Villager (Male) |
| 21:24 | Create | Knight |
| 22:01 | Create | Villager (Male) |
| 22:01 | Create | Villager (Male) |
| 22:21 | Create | Knight ×2 |
| 22:21 | Create | Knight ×2 |
| 22:52 | Build | Mill |
| 23:17 | Create | Knight |
| 23:39 | Create | Villager (Male) |
| 23:39 | Create | Villager (Male) |
| 23:40 | Create | Villager (Male) |
| 23:40 | Create | Villager (Male) |
| 23:43 | Build | Town Center |
| 23:45 | Build | Town Center |
| 23:58 | Create | Knight |
| 24:40 | Create | Villager (Male) |
| 24:40 | Create | Villager (Male) |
| 24:41 | Create | Villager (Male) |
| 24:41 | Create | Villager (Male) |
| 25:04 | Create | Knight |
| 25:18 | Create | Villager (Male) |
| 25:18 | Create | Villager (Male) |
| 25:40 | Create | Villager (Male) |
| 25:40 | Create | Villager (Male) |
| 26:15 | Create | Knight |
| 26:17 | Create | Villager (Male) |
| 26:18 | Create | Villager (Male) |
| 26:32 | Create | Villager (Male) |
| 26:34 | Build | Farm |
| 26:35 | Build | Farm |
| 26:43 | Create | Villager (Male) |
| 26:45 | Build | Farm |
| 26:46 | Build | Farm |
| 26:46 | Build | Farm |
| 26:46 | Build | Farm |
| 26:46 | Build | Farm |
| 26:47 | Build | Farm |
| 26:50 | Create | Villager (Male) |
| 27:09 | Create | Villager (Male) |
| 27:09 | Create | Villager (Male) |
| 27:24 | Create | Villager (Male) |
| 27:24 | Create | Villager (Male) |
| 27:52 | Create | Knight ×2 |
| 27:54 | Create | Villager (Male) |
| 27:54 | Create | Villager (Male) |
| 27:56 | Create | Villager (Male) |
| 28:32 | Create | Villager (Male) |
| 28:32 | Create | Villager (Male) |
| 28:45 | Create | Villager (Male) |
| 28:45 | Create | Villager (Male) |
| 28:48 | Build | Farm |
| 28:48 | Build | Farm |
| 28:49 | Build | Farm |
| 29:23 | Create | Knight |
| 29:40 | Create | Villager (Male) |
| 29:50 | Build | Mining Camp |
| 29:57 | Build | Mill |
| 30:20 | Create | Villager (Male) |
| 30:21 | Create | Villager (Male) |
| 30:39 | Build | Mill |
| 30:49 | Research | Gold Mining |
| 31:05 | Create | Knight |
| 31:06 | Create | Knight |
| 31:10 | Build | Stable |
| 31:59 | Create | Knight ×2 |
Build order — Oni.JorDan_AoE
First 150 of 239 actions detected
| 0:23 | Build | Town Center |
| 1:51 | Build | House |
| 2:24 | Create | Villager (Male) |
| 2:24 | Create | Villager (Male) |
| 2:24 | Create | Villager (Male) |
| 2:24 | Create | Villager (Male) |
| 3:44 | Build | House |
| 3:58 | Create | Villager (Male) |
| 3:59 | Create | Villager (Male) |
| 4:12 | Build | Lumber Camp |
| 4:20 | Build | House |
| 4:28 | Create | Villager (Male) |
| 4:28 | Create | Villager (Male) |
| 5:04 | Build | Palisade Wall |
| 5:09 | Build | Palisade Wall |
| 5:12 | Build | Palisade Wall |
| 5:16 | Build | Palisade Wall |
| 5:21 | Build | Palisade Wall |
| 5:28 | Create | Villager (Male) |
| 5:28 | Create | Villager (Male) |
| 5:28 | Create | Villager (Male) |
| 6:08 | Create | Villager (Male) |
| 6:08 | Create | Villager (Male) |
| 6:39 | Create | Villager (Male) |
| 6:46 | Build | Mill |
| 7:02 | Create | Villager (Male) |
| 7:23 | Build | House |
| 7:51 | Create | Villager (Male) |
| 8:08 | Build | Palisade Wall |
| 8:11 | Create | Villager (Male) |
| 8:15 | Build | Palisade Wall |
| 8:21 | Build | Palisade Wall |
| 8:25 | Build | Palisade Wall |
| 8:26 | Create | Villager (Male) |
| 8:26 | Create | Villager (Male) |
| 8:34 | Build | Palisade Wall |
| 8:52 | Create | Villager (Male) |
| 9:03 | Build | Mining Camp |
| 9:57 | Research | Feudal Age |
| 10:38 | Create | Villager (Male) |
| 10:39 | Research | Loom |
| 11:42 | Build | Outpost |
| 11:44 | Build | Outpost |
| 12:13 | Age | Feudal Age |
| 12:16 | Build | Market |
| 12:17 | Build | Blacksmith |
| 12:29 | Build | Outpost |
| 12:59 | Build | Outpost |
| 13:25 | Research | Castle Age |
| 13:43 | Build | Mining Camp |
| 14:33 | Research | Double-Bit Axe |
| 15:24 | Create | Villager (Male) |
| 15:30 | Research | Fletching |
| 16:01 | Create | Villager (Male) |
| 16:05 | Age | Castle Age |
| 16:07 | Build | Castle |
| 16:09 | Create | Villager (Male) |
| 16:13 | Build | House |
| 16:45 | Create | Villager (Male) |
| 17:06 | Create | Longbowman |
| 17:11 | Create | Villager (Male) |
| 17:25 | Create | Longbowman |
| 17:25 | Create | Longbowman |
| 17:46 | Create | Longbowman |
| 18:00 | Create | Villager (Male) |
| 18:02 | Create | Longbowman |
| 18:08 | Research | Padded Archer Armor |
| 18:32 | Create | Villager (Male) |
| 18:37 | Create | Longbowman |
| 18:56 | Create | Villager (Male) |
| 18:57 | Create | Villager (Male) |
| 19:06 | Create | Longbowman |
| 19:25 | Create | Villager (Male) |
| 19:29 | Build | Town Center |
| 19:34 | Create | Longbowman |
| 19:41 | Create | Longbowman |
| 19:55 | Create | Villager (Male) |
| 20:02 | Create | Longbowman |
| 20:08 | Research | Bow Saw |
| 20:10 | Create | Villager (Male) |
| 20:10 | Create | Villager (Male) |
| 20:24 | Create | Longbowman |
| 20:31 | Research | Town Watch |
| 20:33 | Create | Villager (Male) |
| 20:35 | Build | Town Center |
| 20:43 | Create | Longbowman |
| 20:49 | Create | Villager (Male) |
| 20:59 | Create | Longbowman |
| 21:10 | Create | Villager (Male) |
| 21:16 | Create | Longbowman |
| 21:31 | Create | Longbowman |
| 21:32 | Create | Villager (Male) |
| 21:32 | Create | Villager (Male) |
| 21:41 | Create | Villager (Male) |
| 21:43 | Create | Villager (Male) |
| 21:49 | Create | Longbowman |
| 22:29 | Create | Villager (Male) |
| 22:30 | Create | Villager (Male) |
| 22:33 | Create | Longbowman |
| 22:37 | Create | Villager (Male) |
| 22:42 | Build | Town Center |
| 22:46 | Create | Longbowman |
| 22:52 | Research | Bodkin Arrow |
| 22:53 | Research | Bodkin Arrow |
| 22:55 | Create | Villager (Male) |
| 22:56 | Create | Villager (Male) |
| 22:57 | Build | University |
| 23:06 | Build | House |
| 23:07 | Create | Villager (Male) |
| 23:08 | Create | Villager (Male) |
| 23:16 | Create | Longbowman |
| 23:21 | Create | Villager (Male) |
| 23:35 | Build | Mill |
| 23:36 | Create | Villager (Male) |
| 23:46 | Create | Longbowman |
| 23:55 | Create | Villager (Male) |
| 23:58 | Build | House |
| 23:58 | Build | House |
| 24:03 | Build | House |
| 24:05 | Create | Villager (Male) |
| 24:24 | Research | Ballistics |
| 24:30 | Create | Villager (Male) |
| 24:30 | Create | Villager (Male) |
| 24:34 | Create | Longbowman |
| 24:47 | Create | Villager (Male) |
| 24:57 | Create | Longbowman |
| 24:59 | Create | Villager (Male) |
| 25:15 | Build | Mining Camp |
| 25:16 | Create | Villager (Male) |
| 25:23 | Create | Longbowman |
| 25:31 | Create | Longbowman |
| 25:44 | Create | Villager (Male) |
| 25:44 | Create | Villager (Male) |
| 25:51 | Create | Villager (Male) |
| 25:54 | Build | Mining Camp |
| 25:57 | Create | Longbowman |
| 26:06 | Create | Villager (Male) |
| 26:08 | Create | Longbowman |
| 26:11 | Create | Longbowman |
| 26:13 | Create | Villager (Male) |
| 26:25 | Create | Villager (Male) |
| 26:27 | Create | Longbowman |
| 26:34 | Research | Wheelbarrow |
| 26:35 | Create | Villager (Male) |
| 26:40 | Create | Villager (Male) |
| 26:41 | Create | Villager (Male) |
| 26:43 | Create | Villager (Male) |
| 26:48 | Create | Longbowman |
| 26:57 | Create | Longbowman |
| 27:02 | Create | Villager (Male) |
Build order — the_belgian
First 150 of 157 actions detected
| 0:30 | Build | Town Center |
| 1:38 | Build | House |
| 2:27 | Create | Villager (Male) |
| 2:27 | Create | Villager (Male) |
| 2:27 | Create | Villager (Male) |
| 2:27 | Create | Villager (Male) |
| 2:28 | Create | Villager (Male) |
| 3:20 | Create | Villager (Male) |
| 3:50 | Create | Villager (Male) |
| 4:03 | Create | Villager (Male) |
| 4:10 | Build | Lumber Camp |
| 4:22 | Create | Villager (Male) |
| 4:47 | Create | Villager (Male) |
| 5:05 | Build | House |
| 5:29 | Create | Villager (Male) |
| 5:46 | Build | House |
| 6:23 | Create | Villager (Male) |
| 6:49 | Build | Mill |
| 6:51 | Create | Villager (Male) |
| 7:10 | Create | Villager (Male) |
| 7:23 | Create | Villager (Male) |
| 8:16 | Create | Villager (Male) |
| 8:18 | Research | Loom |
| 9:18 | Research | Feudal Age |
| 9:18 | Research | Feudal Age |
| 9:34 | Build | Barracks |
| 10:07 | Build | Mining Camp |
| 10:25 | Build | House |
| 10:40 | Build | Palisade Wall |
| 10:46 | Create | Villager (Male) |
| 10:46 | Create | Villager (Male) |
| 11:13 | Build | Palisade Wall |
| 11:28 | Age | Feudal Age |
| 11:29 | Build | Archery Range |
| 11:32 | Create | Spearman |
| 11:46 | Research | Double-Bit Axe |
| 11:51 | Create | Villager (Male) |
| 12:07 | Build | House |
| 12:22 | Create | Archer |
| 12:22 | Create | Archer |
| 12:44 | Build | Blacksmith |
| 12:52 | Create | Archer |
| 12:54 | Create | Villager (Male) |
| 12:55 | Create | Villager (Male) |
| 13:03 | Research | Gold Mining |
| 13:49 | Research | Fletching |
| 14:25 | Create | Villager (Male) |
| 14:25 | Create | Villager (Male) |
| 14:45 | Create | Archer |
| 14:45 | Create | Archer |
| 15:09 | Create | Villager (Male) |
| 15:26 | Build | House |
| 15:28 | Build | House |
| 15:29 | Create | Villager (Male) |
| 15:58 | Create | Archer |
| 16:16 | Create | Villager (Male) |
| 16:16 | Create | Villager (Male) |
| 16:34 | Create | Archer |
| 16:36 | Create | Spearman |
| 16:37 | Create | Spearman |
| 17:03 | Create | Villager (Male) |
| 17:28 | Build | Mill |
| 17:28 | Create | Villager (Male) |
| 18:27 | Create | Villager (Male) |
| 18:28 | Create | Villager (Male) |
| 18:38 | Build | Market |
| 18:43 | Build | Stable |
| 18:47 | Create | Villager (Male) |
| 18:54 | Build | House |
| 19:03 | Create | Villager (Male) |
| 19:42 | Build | Farm |
| 19:43 | Build | Farm |
| 19:46 | Research | Horse Collar |
| 19:57 | Build | House |
| 20:00 | Build | Archery Range |
| 20:08 | Create | Villager (Male) |
| 20:13 | Build | Farm |
| 20:13 | Build | Farm |
| 20:13 | Build | Farm |
| 20:13 | Build | Farm |
| 20:23 | Create | Archer |
| 20:23 | Create | Archer |
| 20:34 | Build | Mining Camp |
| 20:53 | Build | Farm |
| 20:57 | Build | Farm |
| 20:59 | Build | Farm |
| 21:09 | Research | Castle Age |
| 21:12 | Create | Archer ×4 |
| 21:12 | Create | Archer ×4 |
| 21:19 | Build | Farm |
| 21:34 | Create | Archer |
| 21:34 | Create | Archer |
| 21:36 | Create | Villager (Male) |
| 21:37 | Create | Villager (Male) |
| 21:59 | Create | Villager (Male) |
| 22:03 | Research | Padded Archer Armor |
| 23:12 | Create | Villager (Male) ×4 |
| 23:33 | Create | Villager (Male) |
| 23:34 | Create | Villager (Male) |
| 23:49 | Create | Villager (Male) |
| 23:49 | Age | Castle Age |
| 23:54 | Create | Knight |
| 23:54 | Create | Knight |
| 23:54 | Create | Knight |
| 24:03 | Build | Siege Workshop |
| 24:08 | Create | Villager (Male) |
| 24:17 | Build | Town Center |
| 24:27 | Create | Villager (Male) |
| 24:29 | Research | Wheelbarrow |
| 24:29 | Research | Town Watch |
| 24:38 | Research | Scale Barding Armor |
| 24:44 | Research | Husbandry |
| 25:04 | Create | Villager (Male) |
| 25:07 | Create | Mangonel |
| 25:07 | Create | Mangonel |
| 25:15 | Create | Villager (Male) |
| 25:47 | Build | Lumber Camp |
| 25:52 | Research | Forging |
| 26:22 | Build | Castle |
| 26:25 | Create | Villager (Male) |
| 26:25 | Create | Villager (Male) |
| 26:58 | Build | Lumber Camp |
| 27:08 | Create | Mangonel |
| 27:40 | Create | Villager (Male) |
| 27:40 | Create | Villager (Male) |
| 27:40 | Create | Villager (Male) |
| 27:56 | Create | Villager (Male) |
| 28:13 | Create | Villager (Male) |
| 28:24 | Build | House |
| 28:41 | Create | Knight |
| 28:41 | Create | Knight |
| 28:48 | Build | Farm |
| 28:51 | Build | Farm |
| 28:53 | Build | Farm |
| 28:56 | Build | Farm |
| 29:09 | Create | Knight |
| 29:23 | Build | Farm |
| 29:31 | Create | Villager (Male) |
| 29:42 | Create | Knight |
| 29:42 | Create | Knight |
| 30:07 | Build | Town Center |
| 30:19 | Create | Villager (Male) ×2 |
| 30:36 | Create | Villager (Male) |
| 30:48 | Create | Villager (Male) |
| 30:48 | Create | Villager (Male) |
| 31:00 | Build | House |
| 31:02 | Build | House |
| 31:05 | Build | House |
| 31:28 | Create | Mangonel |
| 32:08 | Build | Lumber Camp |
Build order — StKunduz
141 actions detected in the replay
| 0:45 | Build | Town Center |
| 2:32 | Build | House |
| 3:05 | Create | Villager (Male) ×4 |
| 3:05 | Create | Villager (Male) ×4 |
| 4:07 | Create | Villager (Male) |
| 4:07 | Create | Villager (Male) |
| 4:46 | Create | Villager (Male) |
| 4:46 | Create | Villager (Male) |
| 5:09 | Create | Villager (Male) |
| 5:10 | Create | Villager (Male) |
| 5:27 | Build | House |
| 5:39 | Create | Villager (Male) |
| 5:42 | Build | Lumber Camp |
| 5:42 | Create | Villager (Male) |
| 5:43 | Create | Villager (Male) |
| 5:58 | Create | Villager (Male) |
| 5:58 | Create | Villager (Male) |
| 6:16 | Create | Villager (Male) |
| 6:16 | Create | Villager (Male) |
| 6:40 | Create | Villager (Male) |
| 6:56 | Build | House |
| 7:04 | Create | Villager (Male) |
| 7:20 | Create | Villager (Male) |
| 7:35 | Create | Villager (Male) |
| 7:36 | Create | Villager (Male) |
| 7:49 | Build | House |
| 7:55 | Create | Villager (Male) |
| 7:55 | Create | Villager (Male) |
| 8:01 | Build | House |
| 8:09 | Build | Mill |
| 8:19 | Build | House |
| 8:39 | Create | Villager (Male) |
| 8:39 | Create | Villager (Male) |
| 8:51 | Build | House |
| 8:55 | Build | House |
| 9:50 | Build | Mill |
| 9:57 | Create | Villager (Male) |
| 10:04 | Create | Villager (Male) |
| 10:28 | Build | Mining Camp |
| 11:18 | Build | Mining Camp |
| 11:23 | Create | Villager (Male) |
| 11:51 | Research | Feudal Age |
| 12:35 | Research | Loom |
| 12:36 | Create | Villager (Male) |
| 12:45 | Build | Palisade Wall |
| 12:49 | Build | House |
| 13:03 | Create | Villager (Male) |
| 13:07 | Build | Palisade Wall |
| 13:09 | Build | Palisade Wall |
| 13:09 | Build | Palisade Wall |
| 13:13 | Build | Palisade Wall |
| 13:14 | Build | Palisade Wall |
| 13:27 | Build | Palisade Wall |
| 13:29 | Build | Palisade Wall |
| 14:01 | Age | Feudal Age |
| 14:02 | Build | Watch Tower |
| 14:04 | Create | Villager (Male) |
| 14:06 | Build | Market |
| 14:41 | Build | House |
| 14:54 | Create | Villager (Male) |
| 15:01 | Build | Blacksmith |
| 15:16 | Research | Castle Age |
| 15:16 | Research | Castle Age |
| 15:50 | Build | House |
| 16:06 | Research | Double-Bit Axe |
| 16:09 | Create | Villager (Male) |
| 16:50 | Create | Villager (Male) |
| 17:06 | Build | Mining Camp |
| 18:12 | Age | Castle Age |
| 18:15 | Build | Castle |
| 18:25 | Create | Villager (Male) |
| 18:49 | Build | House |
| 19:24 | Build | Mill |
| 19:27 | Build | Town Center |
| 20:10 | Build | House |
| 20:22 | Build | Palisade Wall |
| 20:32 | Create | Conquistador |
| 20:58 | Create | Villager (Male) |
| 21:19 | Create | Conquistador |
| 21:19 | Create | Conquistador |
| 21:19 | Create | Conquistador |
| 21:37 | Create | Villager (Male) |
| 22:28 | Create | Villager (Male) |
| 22:31 | Create | Conquistador |
| 22:31 | Create | Conquistador |
| 22:42 | Create | Villager (Male) |
| 22:55 | Create | Villager (Male) |
| 22:58 | Create | Conquistador |
| 23:08 | Create | Villager (Male) |
| 23:28 | Create | Conquistador |
| 23:53 | Create | Villager (Male) |
| 24:02 | Create | Conquistador |
| 24:03 | Create | Conquistador |
| 24:04 | Create | Villager (Male) |
| 24:25 | Create | Villager (Male) |
| 24:29 | Build | Mill |
| 24:40 | Create | Villager (Male) |
| 24:52 | Create | Villager (Male) |
| 24:56 | Create | Conquistador |
| 25:13 | Create | Villager (Male) |
| 25:33 | Create | Villager (Male) |
| 25:45 | Create | Conquistador |
| 25:46 | Create | Conquistador |
| 26:14 | Create | Conquistador |
| 26:31 | Create | Conquistador |
| 26:39 | Build | Lumber Camp |
| 26:44 | Create | Villager (Male) |
| 27:08 | Create | Villager (Male) |
| 27:29 | Create | Conquistador |
| 27:38 | Create | Conquistador |
| 27:50 | Create | Villager (Male) |
| 27:52 | Build | House |
| 27:52 | Build | House |
| 27:52 | Build | House |
| 28:09 | Create | Conquistador |
| 28:09 | Create | Conquistador |
| 28:16 | Create | Villager (Male) |
| 28:41 | Create | Villager (Male) |
| 29:10 | Build | Mining Camp |
| 29:18 | Create | Conquistador |
| 29:22 | Create | Conquistador |
| 29:26 | Create | Villager (Male) |
| 29:51 | Build | Mill |
| 29:59 | Create | Villager (Male) |
| 30:00 | Create | Conquistador |
| 30:50 | Create | Villager (Male) |
| 30:58 | Build | Mill |
| 31:13 | Create | Conquistador |
| 31:16 | Create | Villager (Male) |
| 31:25 | Create | Villager (Male) |
| 31:49 | Create | Villager (Male) |
| 31:57 | Create | Villager (Male) |
| 32:04 | Create | Villager (Male) |
| 32:04 | Create | Conquistador |
| 32:05 | Create | Conquistador |
| 32:23 | Create | Conquistador |
| 32:23 | Create | Conquistador |
| 32:39 | Create | Conquistador |
| 32:47 | Research | Padded Archer Armor |
| 33:22 | Create | Villager (Male) |
| 33:23 | Build | Castle |
Build order — Oni.DauT
First 150 of 181 actions detected
| 0:13 | Build | Town Center |
| 2:39 | Create | Villager (Male) ×4 |
| 3:38 | Create | Villager (Male) |
| 3:57 | Create | Villager (Male) |
| 4:01 | Build | Lumber Camp |
| 4:36 | Create | Villager (Male) |
| 4:58 | Create | Villager (Male) |
| 5:17 | Create | Villager (Male) |
| 5:17 | Create | Villager (Male) |
| 5:53 | Create | Villager (Male) |
| 5:55 | Create | Villager (Male) |
| 6:38 | Create | Villager (Male) |
| 7:00 | Create | Villager (Male) |
| 7:15 | Build | Mill |
| 7:20 | Create | Villager (Male) |
| 7:28 | Create | Villager (Male) |
| 7:28 | Create | Villager (Male) |
| 7:35 | Create | Villager (Male) |
| 7:35 | Create | Villager (Male) |
| 8:34 | Create | Villager (Male) |
| 8:57 | Create | Villager (Male) |
| 9:22 | Create | Villager (Male) |
| 9:48 | Build | Mining Camp |
| 10:25 | Research | Feudal Age |
| 11:01 | Build | Dock |
| 11:36 | Create | Villager (Male) |
| 11:41 | Create | Fishing Ship |
| 12:06 | Create | Fishing Ship |
| 12:43 | Create | Fishing Ship |
| 12:45 | Age | Feudal Age |
| 12:46 | Create | Villager (Male) |
| 12:48 | Build | Market |
| 13:01 | Build | Blacksmith |
| 13:26 | Create | Fishing Ship |
| 13:51 | Build | Mining Camp |
| 13:58 | Research | Castle Age |
| 14:09 | Create | Fishing Ship |
| 14:46 | Build | Dock |
| 15:06 | Create | Fishing Ship |
| 15:24 | Create | Fishing Ship |
| 15:31 | Create | Villager (Male) |
| 15:51 | Build | Lumber Camp |
| 16:07 | Research | Double-Bit Axe |
| 16:18 | Create | Fishing Ship |
| 16:19 | Create | Fishing Ship |
| 16:38 | Age | Castle Age |
| 16:43 | Create | Villager (Male) |
| 16:47 | Create | Fishing Ship |
| 17:07 | Create | Villager (Male) |
| 17:15 | Build | Monastery |
| 17:18 | Create | Villager (Male) |
| 17:45 | Create | Fishing Ship |
| 17:46 | Create | Fishing Ship |
| 17:52 | Create | Monk |
| 18:08 | Build | Castle |
| 18:09 | Create | Villager (Male) |
| 18:28 | Create | Fishing Ship |
| 18:29 | Create | Villager (Male) |
| 18:38 | Create | Fishing Ship |
| 18:50 | Build | Mill |
| 19:02 | Create | Monk |
| 19:17 | Create | Villager (Male) |
| 19:21 | Research | Tech 906 |
| 19:31 | Research | Loom |
| 19:37 | Build | Palisade Wall |
| 19:38 | Build | Palisade Wall |
| 19:39 | Build | Palisade Wall |
| 19:47 | Create | Villager (Male) |
| 20:04 | Create | Villager (Male) |
| 20:09 | Create | Tarkan |
| 20:09 | Create | Tarkan |
| 20:21 | Build | Mining Camp |
| 20:26 | Create | Fishing Ship |
| 20:26 | Create | Fishing Ship |
| 20:29 | Build | Fish Trap |
| 20:51 | Research | Gillnets |
| 20:51 | Research | Gillnets |
| 20:52 | Create | Villager (Male) |
| 21:04 | Create | Tarkan |
| 21:04 | Create | Tarkan |
| 21:17 | Build | Fish Trap |
| 21:22 | Build | Fish Trap |
| 21:24 | Create | Villager (Male) |
| 21:26 | Build | Fish Trap |
| 21:28 | Create | Fishing Ship |
| 21:28 | Create | Fishing Ship |
| 21:30 | Create | Tarkan |
| 21:33 | Create | Villager (Male) |
| 21:46 | Build | Barracks |
| 21:57 | Build | Palisade Gate |
| 21:59 | Build | Palisade Wall |
| 22:09 | Build | Palisade Gate |
| 22:10 | Create | Villager (Male) |
| 22:12 | Build | Palisade Gate |
| 22:18 | Create | Tarkan |
| 22:19 | Create | Tarkan |
| 22:33 | Build | Fish Trap |
| 22:43 | Create | Villager (Male) |
| 22:50 | Build | Fish Trap |
| 22:51 | Create | Villager (Male) |
| 22:59 | Build | Barracks |
| 23:07 | Create | Tarkan |
| 23:09 | Create | Villager (Male) |
| 23:14 | Build | Mining Camp |
| 23:31 | Build | Fish Trap |
| 23:46 | Create | Villager (Male) |
| 23:52 | Create | Tarkan |
| 24:01 | Create | Villager (Male) |
| 24:08 | Create | Monk |
| 24:09 | Create | Villager (Male) |
| 24:28 | Build | Stable |
| 24:31 | Create | Tarkan |
| 24:31 | Create | Tarkan |
| 24:41 | Create | Tarkan |
| 24:47 | Create | Villager (Male) |
| 24:59 | Create | Tarkan |
| 25:21 | Create | Tarkan |
| 25:33 | Create | Tarkan |
| 25:37 | Create | Villager (Male) |
| 25:54 | Create | Villager (Male) |
| 26:03 | Build | Palisade Wall |
| 26:12 | Create | Monk |
| 26:15 | Build | Palisade Wall |
| 26:17 | Build | Palisade Wall |
| 26:22 | Create | Tarkan |
| 26:22 | Create | Tarkan |
| 26:25 | Create | Villager (Male) |
| 26:26 | Create | Villager (Male) |
| 26:42 | Research | Forging |
| 26:43 | Create | Tarkan |
| 27:19 | Create | Tarkan |
| 27:19 | Create | Tarkan |
| 27:21 | Create | Villager (Male) |
| 27:24 | Create | Monk |
| 27:37 | Build | Fish Trap |
| 27:49 | Build | Fish Trap |
| 27:51 | Create | Tarkan |
| 27:58 | Research | Bloodlines |
| 28:02 | Create | Villager (Male) |
| 28:15 | Create | Fishing Ship |
| 28:17 | Create | Fishing Ship |
| 28:21 | Create | Monk |
| 28:30 | Build | Mining Camp |
| 28:33 | Create | Tarkan |
| 28:34 | Research | Scale Barding Armor |
| 28:38 | Create | Villager (Male) |
| 28:48 | Build | Fish Trap |
| 28:51 | Create | Tarkan |
| 29:04 | Create | Tarkan |
| 29:14 | Create | Villager (Male) |
Match timeline
| 1:00 | Oni.TheViper · wall_segment Palisade Wall x1 |
| 5:04 | Oni.JorDan_AoE · wall_segment Palisade Wall x1 |
| 5:09 | Oni.JorDan_AoE · wall_segment Palisade Wall x1 |
| 5:12 | Oni.JorDan_AoE · wall_segment Palisade Wall x1 |
| 5:16 | Oni.JorDan_AoE · wall_segment Palisade Wall x1 |
| 5:21 | Oni.JorDan_AoE · wall_segment Palisade Wall x1 |
| 8:08 | Oni.JorDan_AoE · wall_segment Palisade Wall x1 |
| 8:15 | Oni.JorDan_AoE · wall_segment Palisade Wall x1 |
| 8:21 | Oni.JorDan_AoE · wall_segment Palisade Wall x1 |
| 8:24 | Oni.TheViper · first_building Dock |
| 8:25 | Oni.JorDan_AoE · wall_segment Palisade Wall x1 |
| 8:34 | Oni.JorDan_AoE · wall_segment Palisade Wall x1 |
| 9:34 | the_belgian · first_building Barracks |
| 10:40 | the_belgian · wall_segment Palisade Wall x1 |
| 11:01 | Oni.DauT · first_building Dock |
| 11:13 | the_belgian · wall_segment Palisade Wall x1 |
| 11:28 | the_belgian · age_up feudal |
| 11:29 | the_belgian · first_building Archery Range |
| 12:06 | friendly Alpaca · first_building Barracks |
| 12:13 | Oni.JorDan_AoE · age_up feudal |
| 12:45 | StKunduz · wall_segment Palisade Wall x1 |
| 12:45 | Oni.DauT · age_up feudal |
| 13:07 | StKunduz · wall_segment Palisade Wall x1 |
| 13:09 | StKunduz · wall_segment Palisade Wall x1 |
| 13:09 | StKunduz · wall_segment Palisade Wall x1 |
| 13:13 | StKunduz · wall_segment Palisade Wall x1 |
| 13:14 | StKunduz · wall_segment Palisade Wall x1 |
| 13:22 | friendly Alpaca · age_up feudal |
| 13:25 | Oni.JorDan_AoE · first_market_sell 100 stone |
| 13:27 | StKunduz · wall_segment Palisade Wall x1 |
| 13:29 | StKunduz · wall_segment Palisade Wall x1 |
| 13:46 | Oni.TheViper · age_up feudal |
| 14:01 | StKunduz · age_up feudal |
| 14:51 | friendly Alpaca · first_building Stable |
| 15:19 | Oni.JorDan_AoE · first_market_buy 100 stone |
| 16:05 | Oni.JorDan_AoE · age_up castle |
| 16:07 | Oni.JorDan_AoE · first_building Castle |
| 16:38 | Oni.DauT · age_up castle |
| 17:15 | Oni.DauT · first_building Monastery |
| 17:17 | Oni.TheViper · age_up castle |
| 17:19 | Oni.TheViper · first_building Castle |
| 17:50 | StKunduz · first_market_sell 100 wood |
| 17:52 | StKunduz · first_market_buy 100 stone |
| 18:01 | Oni.TheViper · first_market_buy 100 wood |
| 18:08 | Oni.DauT · first_building Castle |
| 18:09 | friendly Alpaca · age_up castle |
| 18:12 | StKunduz · age_up castle |
| 18:15 | StKunduz · first_building Castle |
| 18:43 | the_belgian · first_building Stable |
| 18:45 | Oni.TheViper · first_building Monastery |
| 19:30 | Oni.TheViper · first_building Barracks |
| 19:37 | Oni.DauT · wall_segment Palisade Wall x1 |
| 19:38 | Oni.DauT · wall_segment Palisade Wall x1 |
| 19:39 | Oni.DauT · wall_segment Palisade Wall x1 |
| 20:22 | StKunduz · wall_segment Palisade Wall x1 |
| 20:39 | the_belgian · first_market_buy 100 food |
| 20:43 | the_belgian · first_market_sell 100 wood |
| 21:32 | Oni.TheViper · first_market_sell 100 food |
| 21:46 | Oni.DauT · first_building Barracks |
| 21:59 | Oni.DauT · wall_segment Palisade Wall x1 |
| 23:49 | the_belgian · age_up castle |
| 24:03 | the_belgian · first_building Siege Workshop |
| 24:28 | Oni.DauT · first_building Stable |
| 26:03 | Oni.DauT · wall_segment Palisade Wall x2 |
| 26:15 | Oni.DauT · wall_segment Palisade Wall x3 |
| 26:17 | Oni.DauT · wall_segment Palisade Wall x1 |
| 26:22 | the_belgian · first_building Castle |
| 31:47 | Oni.DauT · first_market_buy 100 food |
| 33:29 | StKunduz · resign |
[ AI ANALYSIS · 1 CREDIT ]
What really happened in this match?
Wolo.gg analyzes every decision: build order, eco, micro, common mistakes by bracket. Personalized analysis on WhatsApp or Discord in 30 seconds.
Civ guide
Aztecs
Perfil
Jugador #196240